 Dungeon Crawl Stone Soup version 0.32-a0-407-g4da7c8d6d1 (webtiles) character file.

Game seed: 12572934454616488890

353 sanka the Toxicologist (level 6, 0/41 HPs)
             Began as a Merfolk Alchemist on Feb 20, 2024.
             Slain by a bullfrog (6 damage)
             ... on level 4 of the Dungeon.
             The game lasted 00:04:24 (2702 turns).

sanka the Toxicologist (Merfolk Alchemist)          Turns: 2702, Time: 00:04:25

Health: 0/41       AC:  7    Str:  8    XL:     6   Next: 62%
Magic:  1/12       EV: 12    Int: 17    God:
Gold:   192        SH:  0    Dex: 14    Spells: 4/13 levels left

rFire   . . .        g - +2 dagger (elec)
rCold   . . .        (no shield)
rNeg    . . .        a - +0 robe
rPois   .            (no helmet)
rElec   .            (no cloak)
rCorr   .            j - +0 pair of gloves
SInv    .            (no boots)
Will    .....        (no amulet)
Stlth   ++           (no ring)
HPRegen 0.26/turn    d - +4 ring of protection
MPRegen 0.13/turn

%: no passive effects
@: no status effects
A: (nimble swimmer 2), mertail
a: no special abilities


You were on level 4 of the Dungeon.
You visited 1 branch of the dungeon, and saw 4 of its levels.

You collected 192 gold pieces.


Innate Abilities, Weirdness & Mutations

((You are very nimble when in or above water. (Stealth+, EV+, Speed+++)))
Your lower body shifts to a powerful aquatic tail in water.


   Skills:
 - Level 2.6 Dodging
 - Level 2.1 Stealth
 - Level 4.0 Spellcasting
 - Level 1.0 Conjurations
 + Level 8.0 Alchemy


You had 4 spell levels left.
You knew the following spells:

 Your Spells              Type           Power      Damage    Failure   Level
x - Sticky Flame          Fire/Alch      17%        2d5       30%         4
z - Sting                 Conj/Alch      72%        1d7       2%          1
X - Olgreb's Toxic Radia  Alch           30%        N/A       6%          4

Your spell library contained the following spells:

 Spells                   Type           Power      Damage    Failure   Level
 Mercury Vapours          Alch/Air       34%        N/A       4%          2
 Magic Dart               Conj           24%        1d4       11%         1
 Mephitic Cloud           Conj/Alch/Air  13%        N/A       14%         3
 Searing Ray              Conj           12%        2d4       16%         2
 Blink                    Tloc           6%         N/A       24%         2
 Call Imp                 Summ           6%         N/A       24%         2
 Fulminant Prism          Conj/Alch      9%         3d7       24%         4

Inventory:

Hand Weapons
 g - a +2 dagger of electrocution (weapon)
Armour
 a - a +0 robe (worn)
 j - a +0 pair of gloves (worn)
Jewellery
 d - a +4 ring of protection (right hand)
Talismans
 m - a granite talisman
Wands
 n - a wand of flame (29)
Scrolls
 c - 2 scrolls of enchant weapon {unknown}
 e - 3 scrolls of torment {unknown}
 f - a scroll of vulnerability {unknown}
 h - 3 scrolls of teleportation {unknown}
 o - a scroll of identify {unknown}
 r - a scroll of revelation {unknown}
Potions
 b - 4 potions of magic
 i - 4 potions of heal wounds {unknown}
 k - 2 potions of might {unknown}
 l - a potion of degeneration {unknown}
 p - a potion of haste {unknown}
 q - a potion of berserk rage {unknown}
 s - a potion of mutation {unknown}
 t - a potion of curing {unknown}

Dungeon Overview and Level Annotations

Branches:
Dungeon (4/15)
 Temple: D:4-7

Altars:

Shops:
D:2

[ .....▒ .. ▒▒
▒.▒▒.▒ ... ▒.
.....▒ ....
▒▒▒.▒▒.▒▒.▒▒▒....
▒▒......▒▒.......
▒.............▒▒.▒
.......)▒▒........
▒......h)Fm$......
▒...▒...o▒..▒▒▒▒.▒
▒...▒....▒......
▒...))......▒▒▒▒
▒.▒▒▒?.▒.▒.▒▒▒▒
............<▒
▒▒▒▒▒.▒.▒.▒▒▒▒
▒.▒.▒.▒ ......▒


You could see a bullfrog (very poisoned), a howler monkey (very poisoned,
catching breath) and an orc (very poisoned).


Message History

You hear a loud, deep croak!
You hear an angry hiss.
The bullfrog hits you.
* * * LOW HITPOINT WARNING * * *
The howler monkey hoots and howls with incredible vigour!
You hear a shout!
The sting hits the bullfrog.
The bullfrog is poisoned.
The bullfrog is lightly wounded.
The bullfrog hits you.
* * * LOW HITPOINT WARNING * * *
The bullfrog hits you!
* * * LOW HITPOINT WARNING * * *
You begin to radiate toxic energy.
The bullfrog looks even sicker.
The howler monkey is poisoned.
The orc is poisoned.
The orc is poisoned.
The orc looks even sicker.
The bullfrog hits you.
* * * LOW HITPOINT WARNING * * *
Unknown command.
The sting hits the bullfrog!
The bullfrog looks even sicker.
The bullfrog is severely wounded.
The howler monkey looks even sicker.
Your toxic aura wanes.
You kill the orc!
The bullfrog hits you.
You die...

Action                     |  1- 3 |  4- 6 || total
---------------------------+-------+-------++-------
  Melee: Unarmed           |     5 |       ||     5
         Dagger            |    29 |     8 ||    37
   Cast: Sting             |    40 |   114 ||   154
         Olgreb's Toxic Ra |       |     1 ||     1
   Stab: Sleeping          |     1 |       ||     1
 Armour: Robe              |    17 |    32 ||    49
  Dodge: Dodged            |    29 |    31 ||    60

Levels and vault maps discovered:
D:1:      scummos_arrival_forest, layout_rooms
D:2:      layout_basic, serial_shops, nicolae_shop_drivethru, st_stairs_9
D:3:      layout_rooms, grunt_ministairs_14, minmay_misc_feat_nine_boxes,
          eino_tiny_chamber, minmay_misc_feat_diagonals
D:4:      layout_basic

Notes
Turn   | Place    | Note
-------+----------+-------------------------------------------
     0 | D:1      | sanka the Merfolk Alchemist began the quest for the Orb.
     0 | D:1      | Reached XP level 1. HP: 13/13 MP: 3/3
    20 | D:1      | Reached skill level 1 in Conjurations
   130 | D:1      | Reached XP level 2. HP: 19/19 MP: 3/5
   411 | D:1      | Reached XP level 3. HP: 24/24 MP: 2/6
   644 | D:1      | Reached skill level 5 in Alchemy
   742 | D:1      | Reached skill level 3 in Spellcasting
   821 | D:2      | Reached XP level 4. HP: 30/30 MP: 5/8
  1030 | D:2      | Found a transporter.
  1032 | D:2      | Found Raamet's Antique Armour Emporium.
  1405 | D:2      | Found a transporter.
  1699 | D:2      | Learned a level 4 spell: Olgreb's Toxic Radiance
  1704 | D:2      | Learned a level 4 spell: Sticky Flame
  1710 | D:3      | Reached XP level 5. HP: 27/35 MP: 5/10
  1786 | D:3      | Reached skill level 6 in Alchemy
  2145 | D:3      | Reached skill level 4 in Spellcasting
  2290 | D:3      | Reached skill level 7 in Alchemy
  2290 | D:3      | Reached XP level 6. HP: 41/41 MP: 8/12
  2697 | D:4      | Reached skill level 8 in Alchemy
  2702 | D:4      | Slain by a bullfrog

Vanquished Creatures
  An ogre (D:4)
  A bombardier beetle (D:3)
  An orc priest (D:3)
  An iguana (D:3)
  4 adders
  4 dart slugs
  A ribbon worm (D:3)
  10 orcs
  2 ball pythons
  4 bats
  6 endoplasms
  A giant cockroach (D:1)
  4 goblins
  9 hobgoblins
  7 jackals (D:1)
  3 quokkas
  4 frilled lizards
  6 kobolds
  9 rats
78 creatures vanquished.
